TOP OF THE 1ST |
Portland Privateers batting - Pitching for Amarillo Archdukes : RHP Jeff Lawson
|
Pitching: RHP Jeff Lawson
|
|
Batting: RHB Luis Pineda
|
0-0: Foul Ball, location: 2F 0-1: Ball 1-1: Ball 2-1: Foul Ball, location: 2F 2-2: Fly out, F8 (Flyball, 89D)
|
Batting: SHB Bobby Cox
|
0-0: Ball 1-0: Called Strike 1-1: Ball 2-1: Foul Ball, location: 2F 2-2: Ball 3-2: Strikes out swinging
|
Batting: SHB Patrick Larson
|
0-0: Called Strike 0-1: Ball 1-1: Foul Ball, location: 2F 1-2: Foul Ball, location: 2F 1-2: Ball 2-2: SINGLE (Line Drive, 6MD)
|
Batting: LHB Dillon Beck
|
0-0: Called Strike 0-1: Ball 1-1: Ball 2-1: Ball 3-1: 2-RUN HOME RUN (Line Drive, 89XD), Distance : 378 ft
|
Batting: RHB Troy Lau
|
0-0: Ball 1-0: Ball 2-0: Ball 3-0: Base on Balls
|
Batting: LHB Juan Acotia
|
0-0: Ball 1-0: Ball 2-0: Called Strike 2-1: Foul Ball, location: 2F 2-2: Ball 3-2: Strikes out looking
|
Top of the 1st over - 2 run(s), 2 hit(s), 0 error(s), 1 left on base; Portland 2 - Amarillo 0 |
BOTTOM OF THE 1ST |
Amarillo Archdukes batting - Pitching for Portland Privateers : RHP Blaine Yarbrough
|
Pitching: RHP Blaine Yarbrough
|
|
Batting: RHB Tony Quinn
|
0-0: Fly out, F7 (Flyball, 7M)
|
Batting: LHB Howard Lambert
|
0-0: Ball 1-0: Foul Ball, location: 2F 1-1: Ball 2-1: Fly out, F9 (Flyball, 9D)
|
Batting: LHB Michael Cook
|
0-0: Ball 1-0: Called Strike 1-1: Swinging Strike 1-2: Ground out 6-3 (Groundball, 6)
|
Bottom of the 1st over - 0 run(s), 0 hit(s), 0 error(s), 0 left on base; Portland 2 - Amarillo 0 |
TOP OF THE 2ND |
Portland Privateers batting - Pitching for Amarillo Archdukes : RHP Jeff Lawson
|
Batting: RHB Luther Stoffels
|
0-0: Swinging Strike 0-1: Swinging Strike 0-2: Ball 1-2: Foul Ball, location: 2F 1-2: SINGLE (Flyball, 78S)
|
Batting: LHB Yasuhiko Onodera
|
0-0: Called Strike 0-1: Ball 1-1: Foul Ball, location: 2F 1-2: Ball 2-2: Ball 3-2: Base on Balls Luther Stoffels to second
|
Batting: RHB Júlio Vélez
|
0-0: Foul Ball, location: 2F 0-1: Called Strike 0-2: Ball 1-2: Foul Ball, location: 2F 1-2: Ball 2-2: Strikes out swinging
|
Batting: RHB Luis Pineda
|
0-0: Ball 1-0: Ball 2-0: Ball 3-0: Called Strike 3-1: Fly out, F9 (Line Drive, 89M)
|
Batting: SHB Bobby Cox
|
0-0: Fielders Choice at 2nd, U4 (Groundball, 4M)
|
Top of the 2nd over - 0 run(s), 1 hit(s), 0 error(s), 2 left on base; Portland 2 - Amarillo 0 |
BOTTOM OF THE 2ND |
Amarillo Archdukes batting - Pitching for Portland Privateers : RHP Blaine Yarbrough
|
Batting: RHB Tim Chambers
|
0-0: Called Strike 0-1: Fly out, F9 (Flyball, 9S)
|
Batting: SHB Orlando Aguilar
|
0-0: Called Strike 0-1: Swinging Strike 0-2: Ball 1-2: Strikes out swinging
|
Batting: LHB Héctor Martínez
|
0-0: Called Strike 0-1: Called Strike 0-2: Ball 1-2: SINGLE (Line Drive, 78S)
|
Batting: RHB Jorge Espinosa
|
0-0: Foul Ball, location: 2F 0-1: Ball 1-1: Ball 2-1: Ball 3-1: Ground out 4-3 (Groundball, 4)
|
Bottom of the 2nd over - 0 run(s), 1 hit(s), 0 error(s), 1 left on base; Portland 2 - Amarillo 0 |
TOP OF THE 3RD |
Portland Privateers batting - Pitching for Amarillo Archdukes : RHP Jeff Lawson
|
Batting: SHB Patrick Larson
|
0-0: Ball 1-0: Ball 2-0: Foul Ball, location: 2F 2-1: Ball 3-1: Foul Ball, location: 2F 3-2: Foul Ball, location: 2F 3-2: Base on Balls
|
Batting: LHB Dillon Beck
|
0-0: Ball 1-0: Called Strike 1-1: Fly out, F3 (Line Drive, 3S) 1-1: Lined into DP, U3 (Line Drive, 3S)
|
Batting: RHB Troy Lau
|
0-0: Ball 1-0: Ball 2-0: Ball 3-0: Called Strike 3-1: Base on Balls
|
Batting: LHB Juan Acotia
|
0-0: Ball 1-0: Ball 2-0: SINGLE (Groundball, 3D) Troy Lau to second Runner from 2nd tries for 3rd, SAFE, no throw or cutoff
|
Batting: RHB Luther Stoffels
|
0-0: Called Strike 0-1: Ball 1-1: Ball 2-1: Ball 3-1: Ground out U3 (Groundball, 3S)
|
Top of the 3rd over - 0 run(s), 1 hit(s), 0 error(s), 2 left on base; Portland 2 - Amarillo 0 |
BOTTOM OF THE 3RD |
Amarillo Archdukes batting - Pitching for Portland Privateers : RHP Blaine Yarbrough
|
Batting: RHB Ronald Parsons
|
0-0: Ball 1-0: Ground out 2-3 (Groundball, 2L)
|
Batting: RHB Matt Richards
|
0-0: Called Strike 0-1: Ball 1-1: Ball 2-1: Called Strike 2-2: Strikes out swinging
|
Batting: RHB Tony Quinn
|
0-0: SINGLE (Groundball, 5L)
|
Batting: LHB Howard Lambert
|
0-0: Swinging Strike 0-1: Foul Ball, location: 2F 0-2: Ground out 4-3 (Groundball, 4)
|
Bottom of the 3rd over - 0 run(s), 1 hit(s), 0 error(s), 1 left on base; Portland 2 - Amarillo 0 |
TOP OF THE 4TH |
Portland Privateers batting - Pitching for Amarillo Archdukes : RHP Jeff Lawson
|
Batting: LHB Yasuhiko Onodera
|
0-0: Ball 1-0: Swinging Strike 1-1: Foul Ball, location: 2F 1-2: Strikes out swinging
|
Batting: RHB Júlio Vélez
|
0-0: Called Strike 0-1: Fly out, F6 (Popup, 6M)
|
Batting: RHB Luis Pineda
|
0-0: DOUBLE (Flyball, 78XD)
|
Batting: SHB Bobby Cox
|
0-0: Called Strike 0-1: Ball 1-1: Fly out, F7 (Flyball, 7LM)
|
Top of the 4th over - 0 run(s), 1 hit(s), 0 error(s), 1 left on base; Portland 2 - Amarillo 0 |
BOTTOM OF THE 4TH |
Amarillo Archdukes batting - Pitching for Portland Privateers : RHP Blaine Yarbrough
|
Batting: LHB Michael Cook
|
0-0: Fly out, F8 (Line Drive, 8RM)
|
Batting: RHB Tim Chambers
|
0-0: Swinging Strike 0-1: SINGLE (Line Drive, 7S)
|
Batting: SHB Orlando Aguilar
|
0-0: Called Strike 0-1: Ball 1-1: Swinging Strike 1-2: Ball 2-2: Foul Ball, location: 2F 2-2: Grounds into double play, 6-4-3 (Groundball, 6M)
|
Bottom of the 4th over - 0 run(s), 1 hit(s), 0 error(s), 0 left on base; Portland 2 - Amarillo 0 |
TOP OF THE 5TH |
Portland Privateers batting - Pitching for Amarillo Archdukes : RHP Jeff Lawson
|
Batting: SHB Patrick Larson
|
0-0: Ground out 6-3 (Groundball, 6)
|
Batting: LHB Dillon Beck
|
0-0: Ball 1-0: Foul Ball, location: 2F 1-1: SINGLE (Line Drive, 34)
|
Batting: RHB Troy Lau
|
0-0: Ball 1-0: Called Strike 1-1: Ball 2-1: Ball 3-1: Base on Balls Dillon Beck to second
|
Batting: LHB Juan Acotia
|
0-0: Fly out, F8 (Line Drive, 8LM)
|
Batting: RHB Luther Stoffels
|
0-0: SINGLE (Line Drive, 8LS) Dillon Beck to third Troy Lau to second Runner from 3rd tries for Home, SAFE, no throw or cutoff
|
Batting: LHB Yasuhiko Onodera
|
0-0: Reached on error, E4 (Groundball, 4S) Troy Lau to third Luther Stoffels to second
|
Pitching: RHP Larry Pérez
|
|
Batting: RHB Júlio Vélez
|
0-0: Called Strike 0-1: Foul Ball, location: 2F 0-2: Ball 1-2: Strikes out swinging
|
Top of the 5th over - 1 run(s), 2 hit(s), 1 error(s), 3 left on base; Portland 3 - Amarillo 0 |
BOTTOM OF THE 5TH |
Amarillo Archdukes batting - Pitching for Portland Privateers : RHP Blaine Yarbrough
|
Batting: LHB Héctor Martínez
|
0-0: Ball 1-0: Ball 2-0: Called Strike 2-1: Ball 3-1: Base on Balls
|
Batting: RHB Jorge Espinosa
|
0-0: Swinging Strike 0-1: Fielders Choice at 2nd, 6-4 (Groundball, 6)
|
Batting: RHB Ronald Parsons
|
0-0: Called Strike 0-1: Foul Ball, location: 2F 0-2: Grounds out, U3 (Groundball, 3L)
|
Batting: RHB Matt Richards
|
0-0: Ball 1-0: Ground out 6-3 (Groundball, 6)
|
Bottom of the 5th over - 0 run(s), 0 hit(s), 0 error(s), 1 left on base; Portland 3 - Amarillo 0 |
TOP OF THE 6TH |
Portland Privateers batting - Pitching for Amarillo Archdukes : RHP Larry Pérez
|
Batting: RHB Luis Pineda
|
0-0: Ball 1-0: Ball 2-0: Fly out, F6 (Popup, 6MD)
|
Batting: SHB Bobby Cox
|
0-0: Foul Ball, location: 2F 0-1: Ball 1-1: Called Strike 1-2: Ground out 4-3 (Groundball, 4M)
|
Batting: SHB Patrick Larson
|
0-0: Ball 1-0: Ball 2-0: Ball 3-0: Called Strike 3-1: Ground out 6-3 (Groundball, 6)
|
Top of the 6th over - 0 run(s), 0 hit(s), 0 error(s), 0 left on base; Portland 3 - Amarillo 0 |
BOTTOM OF THE 6TH |
Amarillo Archdukes batting - Pitching for Portland Privateers : RHP Blaine Yarbrough
|
Batting: RHB Tony Quinn
|
0-0: Reached on error, E6 (Groundball, 6M)
|
Batting: LHB Howard Lambert
|
0-0: Grounds into double play, 4-6-3 (Groundball, 4)
|
Batting: LHB Michael Cook
|
0-0: Ball 1-0: Foul Ball, location: 2F 1-1: Ball 2-1: Called Strike 2-2: Foul Ball, location: 2F 2-2: Fly out, F3 (Popup, 3F)
|
Bottom of the 6th over - 0 run(s), 0 hit(s), 1 error(s), 0 left on base; Portland 3 - Amarillo 0 |
TOP OF THE 7TH |
Portland Privateers batting - Pitching for Amarillo Archdukes : RHP Larry Pérez
|
Batting: LHB Dillon Beck
|
0-0: Ball 1-0: Ball 2-0: Called Strike 2-1: Foul Ball, location: 2F 2-2: Ground out 3-1 (Groundball, 34)
|
Batting: RHB Troy Lau
|
0-0: Swinging Strike 0-1: Foul Ball, location: 2F 0-2: Foul Ball, location: 2F 0-2: Ball 1-2: Strikes out swinging
|
Batting: LHB Juan Acotia
|
0-0: Ball 1-0: Called Strike 1-1: Foul Ball, location: 2F 1-2: Strikes out swinging
|
Top of the 7th over - 0 run(s), 0 hit(s), 0 error(s), 0 left on base; Portland 3 - Amarillo 0 |
BOTTOM OF THE 7TH |
Amarillo Archdukes batting - Pitching for Portland Privateers : RHP Blaine Yarbrough
|
Batting: RHB Tim Chambers
|
0-0: Ball 1-0: Ground out U3 (Groundball, 3S)
|
Batting: SHB Orlando Aguilar
|
0-0: Called Strike 0-1: Foul Ball, location: 2F 0-2: Ball 1-2: Ground out U3 (Groundball, 3)
|
Batting: LHB Héctor Martínez
|
0-0: Ball 1-0: Ground out 5-3 (Groundball, 56)
|
Bottom of the 7th over - 0 run(s), 0 hit(s), 0 error(s), 0 left on base; Portland 3 - Amarillo 0 |
TOP OF THE 8TH |
Portland Privateers batting - Pitching for Amarillo Archdukes : RHP Larry Pérez
|
Pitching: RHP Mike Hodges
|
|
Batting: RHB Luther Stoffels
|
0-0: Ground out 5-3 (Groundball, 56)
|
Batting: LHB Yasuhiko Onodera
|
0-0: Ball 1-0: Called Strike 1-1: SINGLE (Groundball, 56D)
|
Batting: RHB Júlio Vélez
|
0-0: Called Strike 0-1: Ball 1-1: Ball 2-1: Ball 3-1: Base on Balls Yasuhiko Onodera to second
|
Batting: RHB Luis Pineda
|
0-0: Foul Ball, location: 2F 0-1: Ball 1-1: Foul Ball, location: 2F 1-2: Grounds into double play, U3-6 (Groundball, 3L)
|
Top of the 8th over - 0 run(s), 1 hit(s), 0 error(s), 1 left on base; Portland 3 - Amarillo 0 |
BOTTOM OF THE 8TH |
Amarillo Archdukes batting - Pitching for Portland Privateers : RHP Blaine Yarbrough
|
Pitching: LHP Jaime Ayala
|
|
Batting: RHB Jorge Espinosa
|
0-0: Ball 1-0: Swinging Strike 1-1: Called Strike 1-2: Ball 2-2: Ball 3-2: Base on Balls
|
Batting: RHB Ronald Parsons
|
0-0: Ground out 5-3 (Groundball, 5S) Jorge Espinosa to second
|
Batting: RHB Matt Richards
|
0-0: Ball 1-0: Ball 2-0: Ground out 5-3 (Groundball, 56)
|
Batting: RHB Tony Quinn
|
0-0: Swinging Strike 0-1: Ball 1-1: Foul Ball, location: 2F 1-2: Fly out, F3 (Popup, 3SF)
|
Bottom of the 8th over - 0 run(s), 0 hit(s), 0 error(s), 1 left on base; Portland 3 - Amarillo 0 |
TOP OF THE 9TH |
Portland Privateers batting - Pitching for Amarillo Archdukes : RHP Mike Hodges
|
Pitching: RHP Nick Parks
|
|
Batting: SHB Bobby Cox
|
0-0: Ball 1-0: Ground out 4-3 (Groundball, 4M)
|
Batting: SHB Patrick Larson
|
0-0: Ground out 6-3 (Groundball, 6)
|
Batting: LHB Dillon Beck
|
0-0: Foul Ball, location: 2F 0-1: Swinging Strike 0-2: Ball 1-2: Strikes out swinging
|
Top of the 9th over - 0 run(s), 0 hit(s), 0 error(s), 0 left on base; Portland 3 - Amarillo 0 |
BOTTOM OF THE 9TH |
Amarillo Archdukes batting - Pitching for Portland Privateers : LHP Jaime Ayala
|
Pitching: RHP Mario Ramos
|
|
Batting: LHB Howard Lambert
|
0-0: Ball 1-0: Ball 2-0: Ball 3-0: Called Strike 3-1: Base on Balls
|
Batting: LHB Michael Cook
|
0-0: Called Strike 0-1: Called Strike 0-2: Foul Ball, location: 2F 0-2: Fielders Choice at 2nd, 3-6 (Groundball, 3)
|
Batting: RHB Tim Chambers
|
0-0: Ball 1-0: Ball 2-0: Grounds into double play, 6-4-3 (Groundball, 6)
|
Bottom of the 9th over - 0 run(s), 0 hit(s), 0 error(s), 0 left on base; Portland 3 - Amarillo 0 |
|